[Event "ROU-ch Open 2021"]
[Site "Iasi"]
[Date "2021.04.20"]
[Round "3.17"]
[White "Baratosi, Daniel"]
[Black "Panc, Samuel"]
[Result "1/2-1/2"]
[ECO "B22"]
[WhiteElo "2355"]
[BlackElo "1937"]
[Annotator "NA"]
[PlyCount "118"]
[EventDate "2021.04.19"]
[EventType "swiss"]
[EventCountry "ROU"]
[SourceTitle "playchess.com"]
[Source "ChessBase"]
[SourceQuality "1"]
[TimeControl "5400+30"]

1. e4 c5 2. Nf3 Nf6 3. e5 Nd5 4. d4 cxd4 5. c3 Nc6 6. cxd4 d6 7. Bc4 dxe5 8. dxe5 Ndb4 9. O-O Qxd1 10. Rxd1 Bg4 11. Nc3 Bxf3 12. gxf3 e6 13. f4 Nc2 14. Rb1 N2d4 15. Ne4 O-O-O 16. Be3 Be7 17. a3 Rd7 18. Rdc1 Kb8 19. Rc3 Rhd8 20. Kf1 h6 21. Rbc1 Rf8 22. h3 Rfd8 23. Ba2 Bf8 24. Bc4 Be7 25. b4 Bf8 26. Rd3 Nf5 27. Rxd7 Nxe3+ 28. fxe3 Rxd7 29. Bb5 Rc7 30. Bxc6 Rxc6 31. Rxc6 bxc6 32. Ke2 Kc7 33. Kd3 Be7 34. Kc4 Bf8 35. Nf2 a5 36. bxa5 Bxa3 37. Ne4 Bc1 38. Kd3 Ba3 39. Kd4 Bb2+ 40. Kc4 Ba3 41. a6 Kb6 42. Nd6 f6 43. f5 exf5 44. Nc8+ Kxa6 45. e6 g5 46. e7 Bxe7 47. Nxe7 g4 48. hxg4 fxg4 49. Kd3 Kb5 50. Ng8 g3 51. Ke2 h5 52. Nxf6 h4 53. Kf3 c5 54. e4 c4 55. Nd5 Kc5 56. Nc3 Kd4 57. Ne2+ Ke5 58. Nc3 Kd4 59. Ne2+ Ke5 1/2-1/2

[Event "ROU-ch Open 2021"]
[Site "Iasi"]
[Date "2021.04.20"]
[Round "3.18"]
[White "Chiheri, Alexandru-Virgil"]
[Black "Tocan, Cristian"]
[Result "0-1"]
[ECO "B02"]
[WhiteElo "1921"]
[BlackElo "2236"]
[Annotator "NA"]
[PlyCount "74"]
[EventDate "2021.04.19"]
[EventType "swiss"]
[EventCountry "ROU"]
[SourceTitle "playchess.com"]
[Source "ChessBase"]
[SourceQuality "1"]
[TimeControl "5400+30"]

1. e4 c5 2. Nf3 Nf6 3. Nc3 d5 4. exd5 Nxd5 5. Bc4 e6 6. Qe2 Be7 7. O-O Nc6 8. Re1 O-O 9. a3 a6 10. Ne4 b5 11. Ba2 Bb7 12. d3 Nd4 13. Qd1 Rc8 14. c3 Nf5 15. Qe2 Re8 16. Bd2 Nb6 17. Neg5 Bd5 18. c4 bxc4 19. dxc4 Bxf3 20. Nxf3 Bf6 21. Rad1 Qe7 22. Bb1 Nd4 23. Nxd4 Bxd4 24. Ba5 Qb7 25. Be4 Qb8 26. b4 Na4 27. Bxh7+ Kxh7 28. Qc2+ g6 29. Qxa4 Kg7 30. bxc5 Qf4 31. Rxd4 Qxd4 32. c6 Rh8 33. c7 Rh4 34. Rc1 Qd6 35. g3 Rh5 36. Rd1 Rxa5 37. Qc2 Qxc7 0-1

[Event "ROU-ch Open 2021"]
[Site "Iasi"]
[Date "2021.04.20"]
[Round "3.19"]
[White "Prisacaru, Stefan-Emilian"]
[Black "Paval, George"]
[Result "1-0"]
[ECO "B06"]
[WhiteElo "1913"]
[BlackElo "2207"]
[Annotator "NA"]
[PlyCount "89"]
[EventDate "2021.04.19"]
[EventType "swiss"]
[EventCountry "ROU"]
[SourceTitle "playchess.com"]
[Source "ChessBase"]
[SourceQuality "1"]
[TimeControl "5400+30"]

1. g3 Nf6 2. Bg2 g6 3. e4 d6 4. d4 Bg7 5. Ne2 O-O 6. O-O a6 7. f4 c5 8. dxc5 dxc5 9. Qxd8 Rxd8 10. Nbc3 Nc6 11. e5 Ng4 12. h3 Nh6 13. Be3 Nd4 14. Bxd4 cxd4 15. Nd5 Bxh3 16. Nxe7+ Kf8 17. Nxg6+ hxg6 18. Bxh3 f6 19. Rad1 Ke7 20. exf6+ Bxf6 21. g4 g5 22. Rde1 Kd6 23. fxg5 Bxg5 24. Nxd4 Re8 25. Nf3 Be3+ 26. Kh1 Kc5 27. g5 Nf7 28. g6 Nd6 29. g7 Bh6 30. g8=Q Rxg8 31. Re5+ Kb6 32. Re6 Bf4 33. Nd4 Bg3 34. Nf5 Kc7 35. Nxd6 Bxd6 36. Rf7+ Kc6 37. Bg2+ Rxg2 38. Kxg2 Rg8+ 39. Kf1 Kd5 40. Rh6 Be5 41. Rxb7 Bf4 42. Rxa6 Ke4 43. Rb4+ Kf3 44. Rf6 Rg4 45. Rfxf4+ 1-0

[Event "ROU-ch Open 2021"]
[Site "Iasi"]
[Date "2021.04.20"]
[Round "3.20"]
[White "Martian, Dragos-Daniel"]
[Black "Sachilaru, Alexandru"]
[Result "1-0"]
[ECO "B22"]
[WhiteElo "2198"]
[BlackElo "1917"]
[Annotator "NA"]
[PlyCount "93"]
[EventDate "2021.04.19"]
[EventType "swiss"]
[EventCountry "ROU"]
[SourceTitle "playchess.com"]
[Source "ChessBase"]
[SourceQuality "1"]
[TimeControl "5400+30"]

1. e4 e6 2. d4 c5 3. c3 cxd4 4. cxd4 d6 5. Nc3 Nf6 6. Nf3 Be7 7. Bd3 a6 8. O-O O-O 9. Qe2 Nbd7 10. e5 Ne8 11. Bf4 d5 12. Rad1 b5 13. Ne4 Bb7 14. Neg5 g6 15. h4 Ng7 16. Bc1 Rc8 17. Nh2 Qe8 18. Bb1 f6 19. exf6 Bxf6 20. Ng4 h5 21. Nh6+ Kh8 22. Rfe1 Bxg5 23. hxg5 Rc6 24. Qe3 Nf5 25. Nxf5 gxf5 26. Qh3 Qf7 27. Bf4 Kg7 28. Rd3 Qg6 29. Qh2 Rh8 30. Rh3 Rh7 31. Rh4 Kg8 32. Bd3 Nf8 33. Be2 Qg7 34. Bxh5 Ng6 35. Bxg6 Qxg6 36. Be5 Rxh4 37. Qxh4 Kf7 38. Re3 Rc1+ 39. Kh2 f4 40. Rf3 Ke7 41. Qxf4 Rc8 42. Qf6+ Qxf6 43. gxf6+ Kf7 44. Rh3 Bc6 45. Rh7+ Kg6 46. Rg7+ Kf5 47. f3 1-0

[Event "ROU-ch Open 2021"]
[Site "Iasi"]
[Date "2021.04.21"]
[Round "4.11"]
[White "Stoleriu, George"]
[Black "Isfan, Ioan-Marius"]
[Result "1-0"]
[ECO "B01"]
[WhiteElo "2349"]
[BlackElo "2263"]
[Annotator "ChessBase"]
[PlyCount "111"]
[EventDate "2021.04.19"]
[EventType "swiss"]
[EventCountry "ROU"]
[SourceTitle "playchess.com"]
[Source "ChessBase"]
[SourceQuality "1"]
[TimeControl "5400+30"]

1. e4 d5 2. exd5 Qxd5 3. Nc3 Qa5 4. d4 Nf6 5. Bc4 Bg4 6. Nge2 e6 7. h3 Bh5 8. O-O Bb4 9. Qd3 Bg6 10. Qf3 c6 11. Bb3 Nbd7 12. Nf4 Bf5 13. Nce2 O-O-O 14. Nd3 Bd6 15. Ng3 Bxd3 16. Qxd3 g5 17. Bd2 Bb4 18. c3 Bd6 19. Ne4 Nxe4 20. Qxe4 h5 21. f4 Nf6 22. Qe2 g4 23. h4 Qf5 24. g3 Kb8 25. Be3 Nd5 26. Bc2 Qf6 27. Be4 Rhe8 28. Rad1 Qg7 29. Kh1 Bc7 30. Bc1 f6 31. Qg2 Ne7 32. Rfe1 Qf7 33. Bc2 e5 34. dxe5 Rxd1 35. Bxd1 fxe5 36. Bb3 Qg7 37. fxe5 Ng6 38. e6 Ka8 39. Bg5 Ne5 40. Rd1 Nf3 41. Be3 Qf6 42. Bd4 Nxd4 43. cxd4 Qf3 44. Qxf3 gxf3 45. Rf1 Bxg3 46. Rxf3 Bxh4 47. e7 Rb8 48. Rf7 a6 49. Be6 Ka7 50. Bd7 Bxe7 51. Rxe7 Kb6 52. Re8 Rxe8 53. Bxe8 h4 54. Kh2 Ka5 55. Kh3 Kb4 56. Bf7 1-0

[Event "ROU-ch Open 2021"]
[Site "Iasi"]
[Date "2021.04.21"]
[Round "4.12"]
[White "Coca, Cristi-Iulian"]
[Black "Ciorgovean, Iustin"]
[Result "1/2-1/2"]
[ECO "B50"]
[WhiteElo "2153"]
[BlackElo "2338"]
[Annotator "NA"]
[PlyCount "63"]
[EventDate "2021.04.19"]
[EventType "swiss"]
[EventCountry "ROU"]
[SourceTitle "playchess.com"]
[Source "ChessBase"]
[SourceQuality "1"]
[TimeControl "5400+30"]

1. e4 c5 2. Nf3 d6 3. c3 Nf6 4. Be2 Bd7 5. d3 g6 6. O-O Bg7 7. Re1 O-O 8. a4 e5 9. Bf1 Nc6 10. Na3 h6 11. Rb1 a5 12. Nb5 d5 13. exd5 Nxd5 14. Nd2 Be6 15. Qf3 Qe7 16. Nc4 Rad8 17. Qg3 Kh7 18. h4 f5 19. f4 exf4 20. Bxf4 Nxf4 21. Qxf4 Qf6 22. Ncd6 Rd7 23. Re2 Ne5 24. d4 cxd4 25. cxd4 Ng4 26. Rbe1 Bd5 27. Qg3 h5 28. Ne8 Rxe8 29. Rxe8 f4 30. Qh3 f3 31. gxf3 Bxf3 32. Be2 1/2-1/2

[Event "ROU-ch Open 2021"]
[Site "Iasi"]
[Date "2021.04.21"]
[Round "4.13"]
[White "Albu, George"]
[Black "Ognean, Mihnea-Ionut"]
[Result "1/2-1/2"]
[ECO "E27"]
[WhiteElo "2050"]
[BlackElo "2298"]
[Annotator "ChessBase"]
[PlyCount "145"]
[EventDate "2021.04.19"]
[EventType "swiss"]
[EventCountry "ROU"]
[SourceTitle "playchess.com"]
[Source "ChessBase"]
[SourceQuality "1"]
[TimeControl "5400+30"]

1. d4 Nf6 2. c4 e6 3. Nc3 Bb4 4. f3 O-O 5. a3 Bxc3+ 6. bxc3 Nh5 7. Nh3 f5 8. Nf2 Nf6 9. e4 fxe4 10. fxe4 d6 11. Bd3 e5 12. O-O c5 13. d5 Qe8 14. Nh1 Na6 15. Ng3 Nc7 16. a4 Rb8 17. Ra2 Bg4 18. Be2 Bd7 19. Bd3 b6 20. Nf5 Bxf5 21. Rxf5 g6 22. Rf1 Nh5 23. Bh6 Ng7 24. Rxf8+ Qxf8 25. Qg4 Qc8 26. Qh4 Qd8 27. Qg4 Qc8 28. Qh4 Qd8 29. Bg5 Qd7 30. Be2 Rf8 31. Bg4 Qf7 32. Bf3 Qd7 33. h3 h5 34. Kh2 Kh7 35. Rf2 Rf7 36. Bd1 Nce8 37. Bf3 Kg8 38. Ra2 Qb7 39. Be2 Rf8 40. a5 bxa5 41. Rxa5 Qb2 42. Qe1 Rf7 43. Rb5 Qc2 44. Bd1 Qd3 45. Qe2 Qxc3 46. Rb3 Qd4 47. Be3 Qa1 48. Qd2 Rf1 49. Be2 Rh1+ 50. Kg3 Nf6 51. Bf3 Rb1 52. Rc3 Rb4 53. Bg5 Nge8 54. Qc1 Qxc1 55. Rxc1 Nd7 56. Ra1 Rb7 57. Bd8 Kf7 58. Ra6 Nb8 59. Ra3 a6 60. Kh4 Kg7 61. g4 hxg4 62. Bxg4 Nf6 63. Bc8 Rb4 64. Bxf6+ Kxf6 65. Bxa6 Nxa6 66. Rxa6 Rxc4 67. Rxd6+ Kf7 68. Kg5 Rxe4 69. Rd7+ Ke8 70. Rc7 Rd4 71. Kxg6 Rxd5 72. Kf5 e4+ 73. Kxe4 1/2-1/2

[Event "ROU-ch Open 2021"]
[Site "Iasi"]
[Date "2021.04.21"]
[Round "4.14"]
[White "Antonica, Dragos-Andrei"]
[Black "Bonciu, David"]
[Result "1-0"]
[ECO "A36"]
[WhiteElo "2291"]
[BlackElo "2016"]
[Annotator "NA"]
[PlyCount "63"]
[EventDate "2021.04.19"]
[EventType "swiss"]
[EventCountry "ROU"]
[SourceTitle "playchess.com"]
[Source "ChessBase"]
[SourceQuality "1"]
[TimeControl "5400+30"]

1. c4 g6 2. Nc3 c5 3. g3 Bg7 4. Bg2 Nc6 5. e4 d6 6. Nge2 e6 7. O-O Nge7 8. d3 O-O 9. Rb1 b6 10. a3 Bb7 11. b4 Nd4 12. Nxd4 cxd4 13. Ne2 Qd7 14. Nf4 e5 15. Nd5 Nxd5 16. cxd5 f5 17. f4 fxe4 18. Bxe4 Rac8 19. Bd2 Kh8 20. Rc1 Rxc1 21. Qxc1 Qf7 22. f5 gxf5 23. Rxf5 Qe7 24. Bg5 Qd7 25. Rxf8+ Bxf8 26. Bf6+ Bg7 27. Qh6 Kg8 28. Bxh7+ Kf8 29. Bxg7+ Qxg7 30. Qxd6+ Qe7 31. Qb8+ Kg7 32. Qg8+ 1-0

[Event "ROU-ch Open 2021"]
[Site "Iasi"]
[Date "2021.04.21"]
[Round "4.15"]
[White "Antal, Hunor-Zoltan"]
[Black "Gheorghiu, Calin"]
[Result "0-1"]
[ECO "D77"]
[WhiteElo "2023"]
[BlackElo "2283"]
[Annotator "NA"]
[PlyCount "70"]
[EventDate "2021.04.19"]
[EventType "swiss"]
[EventCountry "ROU"]
[SourceTitle "playchess.com"]
[Source "ChessBase"]
[SourceQuality "1"]
[TimeControl "5400+30"]

1. d4 Nf6 2. Nf3 d5 3. c4 g6 4. g3 Bg7 5. Bg2 O-O 6. O-O Nc6 7. Ne5 dxc4 8. Nxc6 bxc6 9. Nc3 Nd5 10. e4 Nb4 11. e5 Nd3 12. Be3 Nxb2 13. Qc2 Nd3 14. Ne4 Be6 15. Nd2 c5 16. Nxc4 cxd4 17. Bxa8 Bxc4 18. Bg2 dxe3 19. Qxc4 exf2+ 20. Kh1 Nxe5 21. Qe2 c5 22. Rad1 Qb6 23. Rxf2 c4 24. Rf4 c3 25. Rc1 Qc5 26. Rc2 Rd8 27. h3 Bh6 28. Re4 Rd2 29. Rxd2 cxd2 30. Kh2 Qd6 31. Qd1 Nd3 32. Qa4 Nf2 33. Qe8+ Bf8 34. Rf4 Qxf4 35. gxf4 d1=Q 0-1

[Event "ROU-ch Open 2021"]
[Site "Iasi"]
[Date "2021.04.21"]
[Round "4.16"]
[White "Tocan, Cristian"]
[Black "Magold, Victor"]
[Result "0-1"]
[ECO "B24"]
[WhiteElo "2236"]
[BlackElo "2014"]
[Annotator "NA"]
[PlyCount "86"]
[EventDate "2021.04.19"]
[EventType "swiss"]
[EventCountry "ROU"]
[SourceTitle "playchess.com"]
[Source "ChessBase"]
[SourceQuality "1"]
[TimeControl "5400+30"]

1. e4 c5 2. Nc3 e6 3. g3 Nc6 4. Bg2 Nf6 5. d3 d5 6. exd5 exd5 7. Bg5 Be6 8. Nge2 d4 9. Bxf6 Qxf6 10. Ne4 Qe7 11. O-O O-O-O 12. Nf4 Bf5 13. Re1 Qd7 14. f3 h5 15. a3 Be7 16. Nf2 g5 17. Nxh5 Rxh5 18. g4 Rh4 19. gxf5 Rdh8 20. Ng4 Qxf5 21. Qe2 Bd6 22. Qe4 Bxh2+ 23. Nxh2 Rxe4 24. dxe4 Qf4 25. Ng4 Rh4 26. Rad1 f6 27. b4 Ne5 28. Nxe5 fxe5 29. bxc5 g4 30. fxg4 Qh2+ 31. Kf1 Rxg4 32. Re2 Kc7 33. Rdd2 Kc6 34. Rd3 Kxc5 35. Rf3 Rf4 36. Rff2 Qg3 37. Kg1 Rxf2 38. Rxf2 Qxa3 39. Bf1 Qg3+ 40. Bg2 a5 41. Kf1 a4 42. Rf3 Qxf3+ 43. Bxf3 a3 0-1

[Event "ROU-ch Open 2021"]
[Site "Iasi"]
[Date "2021.04.21"]
[Round "4.17"]
[White "Ignat, Matei-Marius"]
[Black "Daianu, Cristian-Clement"]
[Result "1-0"]
[ECO "B40"]
[WhiteElo "1978"]
[BlackElo "2234"]
[Annotator "ChessBase"]
[PlyCount "109"]
[EventDate "2021.04.19"]
[EventType "swiss"]
[EventCountry "ROU"]
[SourceTitle "playchess.com"]
[Source "ChessBase"]
[SourceQuality "1"]
[TimeControl "5400+30"]

1. e4 c5 2. Nf3 e6 3. g3 Nc6 4. Bg2 a6 5. O-O b5 6. d4 cxd4 7. Nxd4 Bb7 8. Re1 Rc8 9. Nc3 d6 10. a4 b4 11. Nxc6 Bxc6 12. Nd5 a5 13. Be3 Bb7 14. Bb6 Qd7 15. Ne3 Nf6 16. Bxa5 Bxe4 17. Bxb4 Bxg2 18. Nxg2 Qb7 19. Ba3 Be7 20. Qd3 O-O 21. Rad1 Rfd8 22. c4 d5 23. Bxe7 Qxe7 24. cxd5 Nxd5 25. Qe4 Qf6 26. b4 Rf8 27. Qd4 Qg6 28. Nf4 Nxf4 29. Qxf4 Qc2 30. b5 Rc4 31. Rd4 Rc5 32. Qe4 Qa2 33. Qb1 Rc2 34. Qxa2 Rxa2 35. Rb1 Rb8 36. b6 Kf8 37. b7 Ke7 38. Rb5 f6 39. a5 e5 40. Rdd5 Ke6 41. Rd1 Ke7 42. Kf1 h5 43. h4 g6 44. Ke1 e4 45. Rd2 Ra3 46. Ke2 f5 47. Rd4 Ra2+ 48. Ke3 Ra3+ 49. Ke2 Ra2+ 50. Rd2 Ra3 51. Rdb2 Kd7 52. Rb6 Rxa5 53. Rxg6 Kc7 54. Rh6 Rf8 55. b8=Q+ 1-0

[Event "ROU-ch Open 2021"]
[Site "Iasi"]
[Date "2021.04.21"]
[Round "4.18"]
[White "Botea, David-Alexandru"]
[Black "Martian, Dragos-Daniel"]
[Result "0-1"]
[ECO "A46"]
[WhiteElo "2015"]
[BlackElo "2198"]
[Annotator "NA"]
[PlyCount "76"]
[EventDate "2021.04.19"]
[EventType "swiss"]
[EventCountry "ROU"]
[SourceTitle "playchess.com"]
[Source "ChessBase"]
[SourceQuality "1"]
[TimeControl "5400+30"]

1. d4 Nf6 2. Nf3 e6 3. g3 b5 4. Bg2 Bb7 5. O-O c5 6. b3 Be7 7. Bb2 Na6 8. a4 b4 9. Nbd2 O-O 10. Ne5 d5 11. e3 Rc8 12. f4 Rc7 13. g4 Ne4 14. Nxe4 dxe4 15. f5 Bg5 16. Qe2 cxd4 17. exd4 exf5 18. Rxf5 g6 19. Rff1 Qd5 20. Rae1 f6 21. Nc4 f5 22. gxf5 gxf5 23. Qh5 Rg7 24. h4 Bxh4 25. Ne3 Qd8 26. d5 Qg5 27. Qd1 Bxe1 28. Rxe1 f4 29. Bxg7 Qxg7 30. Qg4 fxe3 31. Qxg7+ Kxg7 32. Bxe4 Nc7 33. Rxe3 Bxd5 34. Rg3+ Kh8 35. Bd3 Rg8 36. Rxg8+ Kxg8 37. Kf2 Kg7 38. Ke3 Ne6 0-1

[Event "ROU-ch Open 2021"]
[Site "Iasi"]
[Date "2021.04.21"]
[Round "4.19"]
[White "Illes, Sandor-Ferenc"]
[Black "Filip, Andrei (L.)"]
[Result "0-1"]
[ECO "B41"]
[WhiteElo "1935"]
[BlackElo "2168"]
[Annotator "ChessBase"]
[PlyCount "87"]
[EventDate "2021.04.19"]
[EventType "swiss"]
[EventCountry "ROU"]
[SourceTitle "playchess.com"]
[Source "ChessBase"]
[SourceQuality "1"]
[TimeControl "5400+30"]

1. e4 c5 2. Nf3 e6 3. d4 cxd4 4. Nxd4 a6 5. Be3 Nf6 6. Nd2 d5 7. Bd3 e5 8. N4b3 Nc6 9. c4 Nb4 10. Bb1 dxe4 11. Nxe4 Qxd1+ 12. Kxd1 Nxe4 13. Bxe4 f5 14. Bb1 Be6 15. Nc5 Bxc4 16. Bxf5 Bxa2 17. Nxb7 Bd5 18. Nc5 Bxg2 19. Re1 Bf3+ 20. Kd2 Rd8+ 21. Kc3 Nd5+ 22. Kc4 Nxe3+ 23. Rxe3 Bd5+ 24. Kb4 e4 25. Ra5 Rb8+ 26. Kc3 Be7 27. Nxe4 Bb4+ 28. Kd4 Bxa5 29. Nd6+ Kf8 30. Kxd5 g6 31. Bc8 Rg8 32. Bxa6 Rxb2 33. Re8+ Kg7 34. Re7+ Kf6 35. Rf7+ Kg5 36. Rxh7 Rd8 37. h4+ Kf4 38. Rf7+ Kg4 39. Bc8+ Kxh4 40. Rf4+ Kg5 41. Rd4 Bc7 42. Kc6 Rxd6+ 43. Rxd6 Bxd6 44. Kxd6 0-1

[Event "ROU-ch Open 2021"]
[Site "Iasi"]
[Date "2021.04.21"]
[Round "4.20"]
[White "Stepanencu, Nicodim-Cosmin"]
[Black "Panc, Samuel"]
[Result "1-0"]
[ECO "B29"]
[WhiteElo "2104"]
[BlackElo "1937"]
[Annotator "NA"]
[PlyCount "31"]
[EventDate "2021.04.19"]
[EventType "swiss"]
[EventCountry "ROU"]
[SourceTitle "playchess.com"]
[Source "ChessBase"]
[SourceQuality "1"]
[TimeControl "5400+30"]

1. e4 c5 2. Nf3 Nf6 3. e5 Nd5 4. Nc3 Nxc3 5. dxc3 Nc6 6. Bc4 e6 7. Bf4 Qb6 8. Nd2 Qc7 9. Qe2 b6 10. O-O-O Bb7 11. Kb1 O-O-O 12. Ne4 Nxe5 13. Ng5 d6 14. Bxe5 dxe5 15. Rxd8+ Kxd8 16. Bxe6 1-0

[Event "ROU-ch Open 2021"]
[Site "Iasi"]
[Date "2021.04.22"]
[Round "5.5"]
[White "Magold, Victor"]
[Black "Ghimpu, Samuel-Timotei"]
[Result "1/2-1/2"]
[ECO "E62"]
[WhiteElo "2014"]
[BlackElo "2315"]
[Annotator "ChessBase"]
[PlyCount "60"]
[EventDate "2021.04.19"]
[EventType "swiss"]
[EventCountry "ROU"]
[SourceTitle "playchess.com"]
[Source "ChessBase"]
[SourceQuality "1"]
[TimeControl "5400+30"]

1. d4 Nf6 2. Nf3 g6 3. g3 Bg7 4. c4 O-O 5. Bg2 d6 6. O-O Nc6 7. Nc3 Bf5 8. Nh4 Bd7 9. b3 a5 10. Bb2 e5 11. dxe5 dxe5 12. Qd2 Re8 13. Nd5 Nxd5 14. cxd5 Nd4 15. Nf3 Nb5 16. e4 a4 17. Rac1 Qf6 18. Rc4 axb3 19. axb3 Qb6 20. Rfc1 Ra2 21. Ra4 Bh6 22. Qxh6 Rxb2 23. Rf1 f6 24. Bh3 Bxh3 25. Qxh3 Nd6 26. Qd7 Qxb3 27. Nh4 Rb1 28. Ra1 Rxf1+ 29. Rxf1 Qc4 30. Ng2 Qxe4 1/2-1/2

[Event "ROU-ch Open 2021"]
[Site "Iasi"]
[Date "2021.04.22"]
[Round "5.6"]
[White "Padurariu, Mihai-Edward"]
[Black "Antonica, Dragos-Andrei"]
[Result "1/2-1/2"]
[ECO "B01"]
[WhiteElo "2084"]
[BlackElo "2291"]
[Annotator "ChessBase"]
[PlyCount "119"]
[EventDate "2021.04.19"]
[EventType "swiss"]
[EventCountry "ROU"]
[SourceTitle "playchess.com"]
[Source "ChessBase"]
[SourceQuality "1"]
[TimeControl "5400+30"]

1. e4 d5 2. exd5 Qxd5 3. Nf3 Bg4 4. Be2 Nc6 5. d4 O-O-O 6. c4 Qf5 7. Be3 Bxf3 8. Bxf3 Nxd4 9. Bg4 Nc2+ 10. Qxc2 Qxg4 11. O-O e6 12. c5 Qf5 13. Qc4 Qd5 14. Qb4 Nf6 15. Nc3 Qc6 16. Qc4 Nd5 17. b4 Nxc3 18. Qxc3 Be7 19. Rab1 Bf6 20. Qc2 Qb5 21. a4 Qd3 22. Qa2 Kb8 23. b5 Rd5 24. c6 Bd4 25. Rfd1 Qc3 26. Bxd4 Rxd4 27. Rxd4 Qxd4 28. cxb7 Rd8 29. h3 Qc3 30. a5 Rd2 31. Qa4 Rd4 32. Qa2 Rd2 33. Qa4 Rd4 34. Qa2 Kxb7 35. a6+ Kb6 36. Qe2 Qd3 37. Qb2 Rc4 38. Re1 Qd4 39. Qe2 Qd5 40. Qe3+ Rc5 41. Rb1 e5 42. h4 Qd4 43. Qf3 Qd5 44. Qe3 f5 45. g3 h6 46. h5 Qe4 47. Qb3 Qc4 48. Qf3 Qe4 49. Qb3 Qd5 50. Qe3 f4 51. gxf4 exf4 52. Qe8 f3 53. Qg6+ Qd6 54. Qe4 Qd5 55. Qg6+ Qd6 56. Qe4 Qd5 57. Qg6+ Qd6 58. Qe4 Qd5 59. Qg6+ Ka5 60. Ra1+ 1/2-1/2

[Event "ROU-ch Open 2021"]
[Site "Iasi"]
[Date "2021.04.22"]
[Round "5.7"]
[White "Gheorghiu, Calin"]
[Black "Coca, Cristi-Iulian"]
[Result "1/2-1/2"]
[ECO "B40"]
[WhiteElo "2283"]
[BlackElo "2153"]
[Annotator "ChessBase"]
[PlyCount "77"]
[EventDate "2021.04.19"]
[EventType "swiss"]
[EventCountry "ROU"]
[SourceTitle "playchess.com"]
[Source "ChessBase"]
[SourceQuality "1"]
[TimeControl "5400+30"]

1. e4 c5 2. Nf3 e6 3. c3 Nf6 4. Bd3 Nc6 5. O-O Be7 6. e5 Ng4 7. Re1 d6 8. Bb5 Ngxe5 9. Nxe5 dxe5 10. Bxc6+ bxc6 11. c4 O-O 12. Nc3 Qd4 13. d3 f5 14. Be3 Qh4 15. Na4 Rb8 16. b3 Rd8 17. g3 Qf6 18. Qe2 Qf8 19. Bc1 Rb7 20. Bb2 Rbd7 21. Bxe5 Rxd3 22. Rad1 Rxd1 23. Rxd1 Bf6 24. Bxf6 Qxf6 25. Rxd8+ Qxd8 26. Qe5 Qd1+ 27. Kg2 Qd4 28. Qb8 Qe4+ 29. f3 Qe2+ 30. Kh3 g5 31. Qxc8+ Kf7 32. Qd7+ Kg6 33. Qe8+ Kh6 34. Qf8+ Kg6 35. Qg8+ Kf6 36. Qh8+ Kg6 37. Qg8+ Kf6 38. Qh8+ Kg6 39. Qe5 1/2-1/2

[Event "ROU-ch Open 2021"]
[Site "Iasi"]
[Date "2021.04.22"]
[Round "5.8"]
[White "Nastore, Pavel-Alexandru"]
[Black "Stepanencu, Nicodim-Cosmin"]
[Result "1/2-1/2"]
[ECO "D94"]
[WhiteElo "2256"]
[BlackElo "2104"]
[Annotator "ChessBase"]
[PlyCount "120"]
[EventDate "2021.04.19"]
[EventType "swiss"]
[EventCountry "ROU"]
[SourceTitle "playchess.com"]
[Source "ChessBase"]
[SourceQuality "1"]
[TimeControl "5400+30"]

1. e4 c6 2. d4 d5 3. exd5 cxd5 4. c4 Nf6 5. Nc3 g6 6. Nf3 Bg7 7. Be2 O-O 8. O-O Nc6 9. Be3 dxc4 10. Bxc4 Na5 11. Bd3 Be6 12. Qe2 Rc8 13. Rac1 Bc4 14. b4 Bxd3 15. Qxd3 Nc4 16. Nb5 Nd6 17. Rxc8 Nxc8 18. Rc1 Nd5 19. Qb3 e6 20. h3 h6 21. a3 Nce7 22. Nc3 Qd7 23. Nxd5 Nxd5 24. Qc2 Qb5 25. Qd2 Kh7 26. Rc5 Qd7 27. h4 b6 28. Rc1 Rc8 29. h5 g5 30. Rc2 f5 31. Ne5 Rxc2 32. Qxc2 Bxe5 33. dxe5 Qc7 34. Qd3 Qxe5 35. Bd4 Qe1+ 36. Kh2 Qe4 37. Qxe4 fxe4 38. g3 Kg8 39. Kg2 Kf7 40. Kf1 Nf6 41. a4 Nd5 42. b5 Nf6 43. Ke2 Nd7 44. Ke3 e5 45. Ba1 Ke6 46. Kxe4 Nc5+ 47. Ke3 Nxa4 48. f4 exf4+ 49. gxf4 Kf5 50. Be5 gxf4+ 51. Bxf4 Nc3 52. Bxh6 Nxb5 53. Bf8 Nc7 54. Bd6 Ne6 55. Kd3 a6 56. Kc4 b5+ 57. Kb4 Nd8 58. Bf8 Nc6+ 59. Kc5 Ne5 60. Kb6 Nd7+ 1/2-1/2

[Event "ROU-ch Open 2021"]
[Site "Iasi"]
[Date "2021.04.22"]
[Round "5.9"]
[White "Martian, Dragos-Daniel"]
[Black "Ignat, Matei-Marius"]
[Result "0-1"]
[ECO "B22"]
[WhiteElo "2198"]
[BlackElo "1978"]
[Annotator "NA"]
[PlyCount "122"]
[EventDate "2021.04.19"]
[EventType "swiss"]
[EventCountry "ROU"]
[SourceTitle "playchess.com"]
[Source "ChessBase"]
[SourceQuality "1"]
[TimeControl "5400+30"]

1. e4 c5 2. c3 Nf6 3. e5 Nd5 4. d4 cxd4 5. Nf3 Nc6 6. cxd4 d6 7. Bc4 Nb6 8. Bb3 dxe5 9. d5 Na5 10. Nc3 f6 11. Be3 g6 12. O-O Bg7 13. d6 exd6 14. Rc1 Nxb3 15. Qxb3 d5 16. Bxb6 Qxb6 17. Qxb6 axb6 18. Nxd5 O-O 19. Nxb6 Rb8 20. Rc7 Be6 21. a4 Rfd8 22. a5 Bf8 23. Ra1 e4 24. Ne1 Rd2 25. Nc2 Bd6 26. Rc3 Be5 27. Rc5 Bd6 28. Rc3 Be5 29. Rc5 Rbd8 30. Ne3 Rxb2 31. Rac1 Bd4 32. R5c2 Rxc2 33. Rxc2 Bxb6 34. axb6 Rd6 35. Rb2 f5 36. g3 Kf7 37. h4 h6 38. Rb5 Kf6 39. g4 fxg4 40. Kh2 Rd2 41. Kg3 h5 42. Kg2 Rd3 43. Kg3 Rd2 44. Kg2 Ke7 45. Kg3 Kd6 46. Rg5 Bf7 47. Rxg6+ Bxg6 48. Nc4+ Kc5 49. Nxd2 Kxb6 50. Kf4 Kc6 51. Kg5 Be8 52. Kf6 b5 53. Ke7 e3 54. fxe3 g3 55. Kxe8 g2 56. Nf3 Kd5 57. Kf7 Ke4 58. Ng1 b4 59. Kg6 b3 60. Kxh5 b2 61. Ne2 Kxe3 0-1

[Event "ROU-ch Open 2021"]
[Site "Iasi"]
[Date "2021.04.22"]
[Round "5.11"]
[White "Ciorgovean, Iustin"]
[Black "Albu, George"]
[Result "1-0"]
[ECO "E97"]
[WhiteElo "2338"]
[BlackElo "2050"]
[Annotator "ChessBase"]
[PlyCount "137"]
[EventDate "2021.04.19"]
[EventType "swiss"]
[EventCountry "ROU"]
[SourceTitle "playchess.com"]
[Source "ChessBase"]
[SourceQuality "1"]
[TimeControl "5400+30"]

1. d4 Nf6 2. c4 g6 3. Nc3 Bg7 4. e4 d6 5. Nf3 O-O 6. Be2 e5 7. O-O Nc6 8. d5 Ne7 9. b4 Nh5 10. a4 f5 11. c5 fxe4 12. Ng5 Nf4 13. Bc4 Kh8 14. Ngxe4 Nf5 15. Ra2 Nh4 16. f3 g5 17. a5 Rg8 18. Kh1 g4 19. fxg4 Bh6 20. g5 Bxg5 21. Nxg5 Qxg5 22. Bxf4 exf4 23. Qd4+ Rg7 24. Qxf4 Qxf4 25. Rxf4 Ng6 26. Rf1 Bd7 27. a6 b5 28. Bxb5 dxc5 29. bxc5 Rb8 30. c6 Be8 31. Re2 Bf7 32. Rf5 Nh4 33. Rfe5 Ng6 34. Rf5 Nh4 35. Rf4 Ng6 36. Rd4 Rgg8 37. h3 Rgd8 38. Bc4 Kg7 39. Bd3 Rb6 40. Kh2 Rxc6 41. dxc6 Rxd4 42. Bxg6 Kxg6 43. Nb5 Ra4 44. Rc2 Rxa6 45. Nxc7 Rb6 46. Rc5 a6 47. Kg3 Kf6 48. Kf4 Rb4+ 49. Ke3 Rb3+ 50. Kd4 Rb4+ 51. Kc3 Rb3+ 52. Kd4 Rb4+ 53. Kd3 Rb2 54. Nd5+ Ke5 55. Ne3+ Kd6 56. c7 Be6 57. c8=Q Bxc8 58. Rxc8 Rb7 59. Ra8 Ke5 60. Rxa6 Kf4 61. Ra4+ Kg3 62. Rg4+ Kf2 63. Nd5 Ra7 64. Ke4 Ra4+ 65. Kf5 Ra5 66. Ke6 Ra6+ 67. Kf7 Ra7+ 68. Kf6 Rb7 69. h4 1-0